Map: Ley Lines

Players

Cure - Winner!

  • Race: Terran Terran
  • Spawn Location: 1:00

Solar

  • Race: Zerg Zerg
  • Spawn Location: 7:00

Event: Esports World Cup 2025

VOD

Have the link to the VOD?

Description

Time

  • Played on: July 25, 2025, 10:38 a.m.
  • Length: 10:21

All games in this series

Show
View Real Time Build Order
Export as new Build Order

Cure Terran - Winner!

Build Orders:  

Get SALT Encoding   

  12  0:00  SCV  
  13  0:12  SCV  
  14  0:17  Supply Depot  
  14  0:24  SCV  
  15  0:38  SCV  
  15  0:40  Barracks  
  16  0:43  Refinery  
  16  0:50  SCV  
  17  0:58  Barracks  
  17  1:03  SCV  
  18  1:15  SCV  
  19  1:27  Orbital Command, Reaper  
  20  1:35  Supply Depot  
  20  1:45  Reaper  
  21  1:53  SCV  
  22  2:04  Command Center  
  22  2:08  SCV  
  23  2:20  SCV  
  24  2:23  Barracks  
  24  2:32  Barracks Tech Lab, SCV, Barracks Reactor  
  24  2:35  Barracks  
  25  2:44  SCV  
  25  2:47  Supply Depot  
  26  2:51  Marine  
  26  2:53  Stimpack  
  26  2:56  SCV  
  28  3:08  Marine x2, SCV  
  28  3:09  Marine  
  32  3:14  Barracks Tech Lab  
  32  3:17  Orbital Command  
  32  3:20  SCV  
  32  3:24  Marine  
  32  3:26  Marine x2  
  36  3:27  Marine  
  36  3:32  Marine  
  36  3:33  SCV  
  39  3:34  Combat Shield  
  39  3:41  Supply Depot  
  39  3:43  SCV  
  39  3:44  Marine x2  
  39  3:45  SCV  
  39  3:46  Marine  
  44  3:48  Marine  
  44  3:50  Marine  
  44  3:55  SCV  
  47  3:57  SCV  
  50  4:04  Marine  
  50  4:06  Marine  
  50  4:07  SCV  
  50  4:08  Marine  
  53  4:10  SCV  
  53  4:15  Supply Depot  
  53  4:20  SCV  
  53  4:22  Marine, SCV  
  53  4:24  Marine  
  56  4:26  Marine x2  
  56  4:27  Marine  
  60  4:33  SCV  
  60  4:34  SCV  
  60  4:35  Factory  
  60  4:36  Refinery x2  
  62  4:38  Refinery  
  62  4:39  Supply Depot  
  62  4:41  Barracks Reactor  
  62  4:45  Engineering Bay, SCV  
  63  4:46  Supply Depot, SCV  
  63  4:48  Marine x3  
  63  4:50  Marine  
  68  4:57  SCV  
  68  4:58  SCV  
  69  5:08  Marine x4  
  69  5:09  Supply Depot, SCV  
  69  5:10  SCV  
  69  5:12  Terran Infantry Weapons Level 1  
  75  5:19  Starport  
  75  5:20  Factory Reactor  
  76  5:21  SCV  
  76  5:22  SCV  
  76  5:27  Supply Depot, Marine x3  
  80  5:29  Marine x2  
  80  5:33  Marine  
  80  5:34  SCV  
  84  5:36  SCV  
  85  5:46  SCV  
  85  5:48  SCV  
  85  5:49  Supply Depot  
  87  5:51  Marine x5  
  93  6:03  Barracks  
  94  6:06  Barracks Reactor, Medivac x2  
  94  6:09  Command Center  
  96  6:11  Marine x2  
  96  6:13  Marine  
  96  6:14  Marine  
  96  6:16  Marine  
  101  6:22  Siege Tank  
  103  6:29  Marine x2  
  103  6:30  Supply Depot  
  103  6:31  Marine x2  
  105  6:34  Marine  
  95  6:45  Marine x2  
  95  6:46  Medivac x2  
  97  6:47  Marine x2  
  97  6:49  Marine x2, SCV x2  
  97  6:52  Marine  
  103  6:55  Marine  
  102  7:03  Marine x2  
  102  7:05  Marine x2, Siege Tank  
  102  7:07  Marine x2  
  110  7:09  Terran Infantry Armor Level 1  
  110  7:10  Marine, SCV x2  
  114  7:20  Medivac x2  
  114  7:21  Marine x2  
  114  7:22  Orbital Command  
  120  7:25  SCV x2  
  122  7:30  Barracks Tech Lab  
  122  7:33  Engineering Bay, Armory  
  121  7:37  SCV x2  
  121  7:43  Supply Depot x2  
  123  7:46  Siege Tank  
  123  7:50  Concussive Shells  
  126  7:51  Medivac x2  
  126  7:53  SCV x3  
  126  7:57  Missile Turret  
  133  8:04  Marine x4  
  133  8:05  Marauder  
  139  8:06  Supply Depot x2, Marine  
  139  8:08  Marauder  
  139  8:11  SCV  
  139  8:12  SCV x2  
  145  8:16  Marine  
  146  8:21  Supply Depot  
  146  8:22  Supply Depot, Marine  
  144  8:29  Marauder, Marine x4  
  144  8:30  Marauder, Siege Tank  
  148  8:47  Marine x4  
  148  8:48  Marine x2  
  153  8:49  Medivac x2  
  153  8:51  Marauder, Marine  
  152  9:05  Marine  
  152  9:06  Marine x4, Siege Tank  
  152  9:09  Marauder  
  162  9:11  Barracks  
  162  9:12  Barracks  
  162  9:13  Barracks  
  162  9:15  Supply Depot  
  162  9:17  SCV x3  
  162  9:23  Marauder, Marine x2  
  169  9:28  Marine x4  
  171  9:43  Marauder, Marine x2  
  171  9:44  Marine  
  175  9:45  Marine x2  
  175  9:48  Siege Tank  
  175  9:55  Marine x2  
  153  10:01  Marine x2  
Show
View Real Time Build Order
Export as new Build Order

Solar Zerg 

Build Orders: Hatch First 

Get SALT Encoding   

  12  0:00  Drone  
  13  0:08  Drone  
  14  0:14  Drone, Extractor  
  15  0:35  Hatchery  
  15  0:39  Extractor  
  15  0:40  Drone  
  15  0:46  Overlord  
  15  1:00  Spawning Pool  
  14  1:04  Drone  
  14  1:07  Drone  
  14  1:10  Drone  
  17  1:16  Drone  
  18  1:27  Drone  
  19  1:39  Drone  
  20  1:47  Queen x2  
  20  1:48  Zergling x2  
  20  1:50  Drone  
  26  1:59  Drone, Overlord  
  27  2:19  Drone  
  27  2:22  Drone  
  29  2:23  Queen x2  
  29  2:27  Overlord  
  29  2:29  Drone  
  34  2:33  Drone  
  34  2:34  Drone  
  36  2:51  Drone, Extractor  
  36  2:54  Hatchery  
  36  2:57  Drone x3  
  38  3:03  Drone x2  
  38  3:05  Overlord  
  40  3:08  Drone  
  41  3:14  Drone x2  
  43  3:20  Roach Warren  
  43  3:25  Drone x2  
  44  3:30  Extractor  
  44  3:33  Drone x3  
  44  3:34  Drone x2  
  48  3:36  Overlord  
  48  3:39  Drone  
  49  3:43  Drone  
  49  3:45  Extractor  
  49  3:48  Overlord  
  50  3:55  Drone  
  50  3:58  Lair  
  50  3:59  Drone  
  50  4:01  Roach  
  53  4:04  Roach  
  53  4:06  Queen  
  53  4:08  Roach  
  59  4:11  Drone x2  
  59  4:14  Overlord  
  59  4:16  Overlord  
  61  4:19  Roach  
  61  4:21  Drone  
  61  4:24  Overlord  
  64  4:28  Roach  
  66  4:31  Overlord  
  66  4:33  Drone  
  66  4:36  Extractor, Roach  
  66  4:37  Roach  
  70  4:38  Drone  
  70  4:40  Roach  
  70  4:42  Drone  
  70  4:45  Roach  
  76  4:47  Roach  
  76  4:51  Roach x2  
  82  4:55  Overlord  
  82  4:58  Glial Reconstitution  
  82  4:59  Roach  
  84  5:02  Overlord  
  84  5:04  Drone  
  84  5:05  Drone  
  85  5:09  Overlord  
  85  5:10  Roach  
  85  5:12  Roach  
  89  5:15  Drone x2  
  89  5:17  Drone  
  89  5:20  Drone  
  95  5:21  Roach  
  95  5:23  Roach  
  95  5:25  Overlord  
  97  5:28  Ravager  
  97  5:29  Ravager x2  
  97  5:30  Roach  
  97  5:32  Roach  
  97  5:34  Roach  
  106  5:36  Roach  
  106  5:38  Overseer  
  106  5:42  Roach  
  110  5:44  Roach  
  110  5:45  Drone  
  110  5:46  Roach  
  110  5:47  Overlord  
  110  5:48  Roach  
  117  5:54  Roach x2  
  121  5:59  Overlord  
  121  6:02  Drone  
  121  6:04  Ravager, Evolution Chamber  
  121  6:05  Overlord  
  121  6:07  Roach x3  
  128  6:11  Overlord  
  128  6:16  Roach  
  134  6:18  Roach x3  
  134  6:22  Roach x2  
  134  6:25  Roach x2  
  140  6:27  Roach  
  140  6:28  Overlord  
  140  6:33  Roach x2  
  140  6:38  Roach x2  
  127  6:40  Roach  
  127  6:42  Roach  
  127  6:43  Roach  
  127  6:46  Roach  
  127  6:49  Drone x2  
  127  6:51  Drone, Extractor  
  127  6:52  Drone  
  130  6:59  Drone  
  130  7:00  Zerg Ground Armor Level 1  
  131  7:02  Drone  
  131  7:03  Drone  
  129  7:09  Drone  
  129  7:13  Drone x2  
  132  7:15  Drone x2  
  132  7:16  Drone x4  
  132  7:18  Infestation Pit  
  132  7:19  Hatchery  
  132  7:21  Drone x2  
  132  7:22  Overlord  
  138  7:26  Drone, Extractor  
  138  7:29  Drone x2  
  140  7:32  Evolution Chamber  
  139  7:41  Drone x2  
  139  7:44  Drone  
  142  7:45  Drone  
  142  7:47  Overlord, Metabolic Boost  
  142  7:50  Baneling Nest  
  142  7:51  Drone x2  
  144  7:56  Infestor x2, Hive  
  148  7:59  Drone  
  148  8:01  Drone  
  148  8:03  Extractor  
  148  8:05  Zergling x8, Extractor  
  152  8:07  Hatchery  
  152  8:09  Overlord  
  152  8:10  Zergling x4  
  152  8:12  Baneling Nest  
  152  8:14  Drone  
  152  8:16  Zergling x2  
  152  8:17  Zergling x16  
  163  8:22  Ravager  
  163  8:25  Roach x2  
  161  8:38  Drone x2  
  161  8:39  Hatchery  
  161  8:40  Roach x2  
  161  8:41  Ravager  
  167  8:44  Overlord  
  167  8:45  Overlord, Centrifugal Hooks  
  167  8:48  Overlord  
  163  8:50  Zergling x6  
  140  8:56  Zergling x8  
  140  8:59  Roach  
  140  9:02  Roach  
  144  9:03  Roach  
  144  9:06  Roach  
  145  9:11  Drone x2  
  151  9:17  Zergling x2, Roach x3  
  152  9:25  Zergling x2  
  152  9:26  Zergling x4  
  152  9:30  Ultralisk Cavern  
  148  9:32  Baneling x4  
  148  9:33  Zergling x2  
  148  9:37  Zergling x4  
  151  9:39  Zergling x4  
  151  9:40  Queen  
  133  9:53  Roach x2  
  133  9:56  Roach x3  
Tags
 
Add a new tag
Caveats
  • Supply blocks, unpowered buildings, or Contaminate may cause inaccurate times.
  • Supply counts are checked every 10 seconds.